 Dungeon Crawl Stone Soup version 0.28.0-53-g5a82cb258f (webtiles) character file.

Game seed: 1835006611679672522

104 pkoi the Digger (level 4, -2/35 HPs)
             Began as a Demigod Earth Elementalist on May 26, 2022.
             Succumbed to a scorpion's poison
             ... on level 2 of the Dungeon.
             The game lasted 00:05:21 (2579 turns).

pkoi the Digger (Demigod Earth Elementalist)        Turns: 2579, Time: 00:05:21

Health: -2/35      AC:  3    Str:  9    XL:     4   Next: 28%
Magic:  10/10      EV: 12    Int: 21    God:
Gold:   25         SH:  0    Dex: 14    Spells: 5/7 levels left

rFire   . . .      SeeInvis .   j - +4 dagger
rCold   . . .      Faith    .   (no shield)
rNeg    . . .      Spirit   .   b - +1 robe
rPois   .          Reflect  .   (no helmet)
rElec   .          Harm     .   (no cloak)
rCorr   .          Rampage  .   (no gloves)
Will    .....                   (no boots)
Stlth   ++........              (no amulet)
HPRegen 0.11/turn               (no ring)
MPRegen 0.12/turn               (no ring)

@: lethally poisoned (-2 -> -13)
A: high MP 1, forlorn, divine attributes
a: no special abilities


You were on level 2 of the Dungeon.
You visited 1 branch of the dungeon, and saw 3 of its levels.

You collected 25 gold pieces.

Inventory:

Hand Weapons
 d - a +0 vorpal short sword
 j - a +4 dagger (weapon)
Missiles
 c - 55 stones
Armour
 b - a +1 robe (worn)
Scrolls
 e - a scroll of identify
 f - 2 scrolls of teleportation
Potions
 a - a potion of heal wounds {unknown}
 k - 2 potions of lignification {unknown}
 m - 2 potions of curing
 n - a potion of resistance {unknown}
 p - a potion of cancellation {unknown}


   Skills:
 - Level 1.1 Fighting
 - Level 1.1 Armour
 - Level 2.2 Dodging
 + Level 2.1 Stealth
 - Level 1.2 Unarmed Combat
 + Level 2.1 Spellcasting
 + Level 0.0 Conjurations
 + Level 1.6 Transmutations
 - Level 3.0 Earth Magic


You had 5 spell levels left.
You knew the following spells:

 Your Spells              Type           Power      Damage    Failure   Level
a - Sandblast             Erth           28%        2d8       4%          1
b - Magic Dart            Conj           8%         1d3       14%         1

Your spell library contained the following spells:

 Spells                   Type           Power      Damage    Failure   Level
 Passwall                 Tmut/Erth      9%         N/A       9%          2
 Call Imp                 Summ           2%         N/A       22%         2
 Stone Arrow              Conj/Erth      16%        3d8       24%         3
 Mephitic Cloud           Conj/Pois/Air  2%         N/A       41%         3
 Petrify                  Tmut/Erth      11%        N/A       50%         4
 Summon Ice Beast         Ice/Summ       2%         N/A       82%         4
 Summon Mana Viper        Hex/Summ       2%         N/A       99%         5
 Monstrous Menagerie      Summ           1%         N/A       100%        7


Dungeon Overview and Level Annotations

Branches:
Dungeon (3/15)


Innate Abilities, Weirdness & Mutations

You have an increased reservoir of magic. (+10% MP)
You shall have no god before yourself.
Your divine heritage dramatically boosts your attributes as you level up.


Message History

A bat comes into view.
The scorpion stings you.
* * * LOW HITPOINT WARNING * * *
The orc throws a boomerang.
The boomerang hits you.
* * * LOW HITPOINT WARNING * * *
The scorpion stings you but does no damage.
The centaur shouts!
The centaur wields a +0 shortbow.
The centaur shoots an arrow.
The arrow hits you.
* * * LOW HITPOINT WARNING * * *
The centaur shoots an arrow.
The arrow hits you.
* * * LOW HITPOINT WARNING * * *
The scorpion barely misses you.
The orc throws a boomerang.
The boomerang closely misses you. The scorpion closely misses you.
You open the door. The scorpion stings you.
* * * LOW HITPOINT WARNING * * *
You are poisoned.
The scorpion poisons you!
You feel sick.
The orc throws a boomerang.
The boomerang hits you.
* * * LOW HITPOINT WARNING * * *
There is an open door here.
You feel sick.
You feel sick. The scorpion closely misses you.
You feel sick.
You feel sick.
You feel sick.
You feel sick.
You are no longer poisoned.
You hear the rusting of a drain nearby.
The scorpion stings you.
* * * LOW HITPOINT WARNING * * *
Items here: )) ††.
There is a stone staircase leading up here.
The scorpion stings you.
* * * LOW HITPOINT WARNING * * *
You are lethally poisoned!
The scorpion poisons you!
You climb upwards.
You die...

...........#.###.#
.......)...#..##.#
...........##.##.#
...........##.[#.#
...........###.#.#
############ #...#
##..# #..# #.@# ##s#
#.# #.##### #.#...#
#.#.#.#
################.#.#.#
...................#.#
################.###.#


You could see a scorpion.

Vanquished Creatures
  Terence (D:2)
  3 gnolls (D:2)
  2 dart slugs
  3 orcs (D:3)
  6 endoplasms
  2 giant cockroaches
  2 goblins
  4 hobgoblins
  3 quokkas
  A ball python (D:1)
  5 bats
  7 kobolds
  4 rats
43 creatures vanquished.

Notes
Turn   | Place    | Note
-------+----------+-------------------------------------------
     0 | D:1      | pkoi the Demigod Earth Elementalist began the quest for the
                  | Orb.
     0 | D:1      | Reached XP level 1. HP: 14/14 MP: 5/5
    18 | D:1      | Reached skill level 1 in Transmutations
   246 | D:1      | Reached XP level 2. HP: 20/20 MP: 7/7
  1021 | D:2      | Reached XP level 3. HP: 27/27 MP: 2/8
  1025 | D:2      | Reached skill level 3 in Earth Magic
  1500 | D:2      | Reached skill level 1 in Fighting
  1573 | D:2      | Reached skill level 1 in Unarmed Combat
  1752 | D:2      | Noticed Terence
  1797 | D:2      | Killed Terence
  1798 | D:2      | Reached skill level 1 in Armour
  1798 | D:2      | Reached XP level 4. HP: 23/35 MP: 1/9
  2434 | D:2      | Learned a level 1 spell: Magic Dart
  2549 | D:3      | Noticed a centaur
  2579 | D:2      | Succumbed to a scorpion's poison

Illustrated notes

Levels and vault maps discovered:
D:1:      minmay_arrival_radiant_lines, layout_basic,
          hellmonk_ecumenical_altar_leap_of_faith
D:2:      layout_basic, uniq_terence
D:3:      layout_basic, overflow_temple_1_default, cheibrodos_sewer_entry_bend,
          minmay_fractal_squares_diagonal_5

Skill      XL: |  1  2  3 |
---------------+----------+-----
Transmutations | 1 |  1.6
Dodging        | 2 |  2.2
Spellcasting   | 2 |  2.1
Earth Magic    | 3 |  3.0
Fighting       | 1 |  1.1
Unarmed Combat | 1 |  1.2
Stealth        | 2 |  2.1
Armour         | 1 |  1.1

Action                   |  1- 3 |  4- 6 || total
-------------------------+-------+-------++-------
Melee: Unarmed           |     7 |       ||     7
       Short sword       |    30 |       ||    30
       Punch             |     1 |       ||     1
       Dagger            |    20 |    23 ||    43
 Cast: Sandblast         |    34 |    11 ||    45
       Magic Dart        |       |     2 ||     2
  Use: Scroll            |     1 |     7 ||     8
 Stab: Sleeping          |     2 |       ||     2
Armor: Robe              |    12 |     7 ||    19
Dodge: Dodged            |    44 |    22 ||    66
